 Dungeon Crawl Stone Soup version 0.31.0-12-g77e489cdc1 (webtiles) character file.

Game seed: 15968417524354947801

12643 FexLirch the Destroyer (level 11, -10/85 HPs)
             Began as a Human Wanderer on Mar 1, 2024.
             Was an Elder of Vehumet.
             Killed from afar by a gargoyle (34 damage)
             ... with a stone arrow
             ... on level 11 of the Dungeon.
             The game lasted 00:59:00 (11954 turns).

FexLirch the Destroyer (Human Wanderer)            Turns: 11954, Time: 00:59:00

Health: -10/85     AC:  9    Str:  7 (8)  XL:     11   Next: 96%
Magic:  20/29      EV: 15    Int: 20      God:    Vehumet [****..]
Gold:   749        SH:  0    Dex: 13 (14) Spells: 0/22 levels left

rFire   + . .        y - +5 mace "Dedumn" {drain, Fly}
rCold   + . .        (no shield)
rNeg    . . .        K - +1 robe {rC+ rF+}
rPois   .            J - +2 hat
rElec   .            H - +2 cloak
rCorr   .            (no gloves)
SInv    +            b - +0 pair of boots
Will    +....        o - amulet of regeneration
Stlth   ++           C - ring of magical power
HPRegen 1.14/turn    M - ring of willpower
MPRegen 0.21/turn

%: no passive effects
@: flying, studying Throwing
A: explore regen, see invisible, evolution 1
a: Renounce Religion


You were on level 11 of the Dungeon.
You worshipped Vehumet.
Vehumet was greatly pleased with you.
You visited 2 branches of the dungeon, and saw 12 of its levels.
You also visited: Ice Cave.

You collected 749 gold pieces.

Inventory:

Hand Weapons
 a - a +2 mace
 e - a +0 dagger
 y - the +5 mace "Dedumn" (weapon) {drain, Fly}
   (You found it on level 4 of the Dungeon)

   Fly:       It grants you flight.
 O - the +5 spear "Gotruilo" {freeze, Will+ SInv}
   (You found it on level 8 of the Dungeon)

   Will+:     It increases your willpower.
   SInv:      It lets you see invisible.
Missiles
 f - 64 stones
 j - 4 curare-tipped darts
 k - 8 boomerangs
 r - 21 poisoned darts
 L - 3 throwing nets
 N - 5 javelins (quivered)
Armour
 b - a +0 pair of boots (worn)
 B - a +0 robe of positive energy
 F - a +2 robe of cold resistance
 H - a +2 cloak (worn)
 J - a +2 hat (worn)
 K - a +1 robe of resistance (worn)
Magical Staves
 v - a staff of cold
Jewellery
 o - an amulet of regeneration (around neck)
 C - a ring of magical power (left hand)
 M - a ring of willpower (right hand)
 Q - a ring of ice
Wands
 h - a wand of quicksilver (5)
 m - a wand of roots (25)
 S - a wand of paralysis (4)
 T - a wand of polymorph (3)
Scrolls
 c - 2 scrolls of blinking
 d - a scroll of fear {unknown}
 i - 2 scrolls of fog
 l - 4 scrolls of vulnerability
 p - a scroll of poison {unknown}
 q - 3 scrolls of brand weapon
 t - a scroll of enchant weapon {unknown}
 w - a scroll of amnesia {unknown}
 x - 2 scrolls of torment
 I - a scroll of enchant armour {unknown}
 P - a scroll of revelation {unknown}
 U - a scroll of teleportation {unknown}
Potions
 g - 2 potions of cancellation
 n - a potion of mutation
 u - 2 potions of lignification {unknown}
 z - 2 potions of heal wounds
 A - 4 potions of might
 D - a potion of brilliance {unknown}
 E - 6 potions of curing
 G - 2 potions of attraction {unknown}
 R - 2 potions of enlightenment
Miscellaneous
 s - a phantom mirror


   Skills:
 + Level 7.7 Fighting
 - Level 3.0 Maces & Flails
 + Level 7.7 Dodging
 - Level 3.0 Stealth
 + Level 6.4 Spellcasting
 * Level 10.6 Conjurations
 - Level 4.0 Air Magic
 + Level 7.8 Alchemy
 - Level 1.0 Evocations


You couldn't memorise any spells.
You knew the following spells:

 Your Spells              Type           Power      Damage    Failure   Level
a - Sting                 Conj/Alch      100%       1d9       1%          1
b - Mephitic Cloud        Conj/Alch/Air  36%        N/A       1%          3
c - Magic Dart            Conj           100%       1d8       1%          1
d - Searing Ray           Conj           98%        2d8       1%          2
e - Blink                 Tloc           12%        N/A       16%         2
f - Fulminant Prism       Conj/Alch      21%        3d12      1%          4
g - Irradiate             Conj/Alch      21%        3d18      1%          5
h - Iskenderun's Mystic   Conj/Tloc      27%        2d7       3%          4

Your spell library contained the following spells:

 Spells                   Type           Power      Damage    Failure   Level
 Shock                    Conj/Air       100%       1d9       1%          1
 Airstrike                Air            11%        2d(2-18)  5%          4
 Swiftness                Air            22%        N/A       6%          3
 Inner Flame              Hex/Fire       6%         N/A       9%          3
 Call Imp                 Summ           12%        N/A       16%         2
 Ensorcelled Hibernation  Hex/Ice        12%        N/A       16%         2
 Call Canine Familiar     Summ           6%         N/A       30%         3
 Passwall                 Erth           6%         N/A       30%         3
 Sigil of Binding         Hex            6%         N/A       30%         3
 Dimensional Bullseye     Hex/Tloc       3%         N/A       69%         4
 Ignition                 Fire           3%         3d4       100%        8


Dungeon Overview and Level Annotations

Branches:
Dungeon (11/15)            Temple (1/1) D:4            Lair (0/5) D:8
    Orc (0/2) D:10          IceCv (visited)

Altars:
Ashenzari
Cheibriados
Dithmenos
Elyvilon
Fedhas
Gozag
Hepliaklqana
Kikubaaqudgha
Makhleb
Nemelex Xobeh
Okawaru
Qazlal
Ru
Sif Muna
Trog
Uskayaw
Vehumet
Wu Jian
Xom
Yredelemnul
Zin
The Shining One

Shops:
D:7 [

Annotations:
D:3 Grinder
D:6 Sigmund


Innate Abilities, Weirdness & Mutations

You regain HP and MP as you explore.
You have supernaturally acute eyesight. (SInv)
You have hidden genetic potential.


Message History

The searing ray misses the gargoyle.
Casting: Searing Ray (safe; 1% risk of failure)
Confirm with . or Enter, or press ? or * to list all spells.
Aiming: Fulminant Prism (mildly dangerous; 1% risk of failure)
Press: ? - help, Dir - move target, p - gargoyle
There is a wall there.
Okay, then.
Unknown command.
The gargoyle hurls a stone arrow at you.
The stone arrow hits you!!
Casting: Fulminant Prism (mildly dangerous; 1% risk of failure)
Confirm with . or Enter, or press ? or * to list all spells.
Aiming: Fulminant Prism (mildly dangerous; 1% risk of failure)
Press: ? - help, Dir - move target, p - gargoyle You conjure a prism of explosive energy!
A fulminant prism comes into view.
Your fulminant prism crackles loudly.
Casting: Fulminant Prism (mildly dangerous; 1% risk of failure)
Confirm with . or Enter, or press ? or * to list all spells.
Aiming: Searing Ray (safe; 1% risk of failure)
Press: ? - help, Shift-Dir - straight line, f - gargoyle
Aim: a gargoyle, wielding a +0 mace (ally target, 92% to hit)
The searing ray hits the gargoyle but does no damage. (Press . to maintain the ray.)
The gargoyle hurls a stone arrow at you.
The stone arrow hits you!
Your fulminant prism explodes!
The blast of energy engulfs the gargoyle!!
The gargoyle is severely damaged.
You hear a shout! x2
The searing ray hits the gargoyle.
The gargoyle is almost destroyed.
The gargoyle hurls a stone arrow at you.
The stone arrow hits you!!
* * * LOW HITPOINT WARNING * * *
The searing ray hits the gargoyle but does no damage.
The gargoyle is almost destroyed.
The gargoyle hurls a stone arrow at you.
The stone arrow hits you!!
You die...

### #.## #####
##.#######...# ###
##$#####.##....##.## #.##
#......#.......##..###..#
.........9..@.####.##...##
..####........# #.##....##
# ####.....## #........###
#.......# #...........
#........###...........
#............#####...##
#..........#..## ##..##
...####.#####..# #..### .#
#. #..# #..#


You could see a gargoyle.

Vanquished Creatures
  A centaur warrior (D:10)
  2 two-headed ogres
  A cyclops (D:11)
  Maurice (D:9)
  2 ugly things (IceCv)
  3 ice statues (IceCv)
  A rime drake (D:8)
  An anaconda simulacrum (IceCv)
  Prince Ribbit (D:6)
  A wraith (D:11)
  A wyvern (D:9)
  13 yaks
  A vampire (D:10)
  A death yak simulacrum (IceCv)
  Eustachio (D:6)
  2 steam dragons
  2 acid dragons
  2 water moccasins
  2 hydra simulacra (IceCv)
  5 ice beasts
  6 orc warriors
  A black bear (D:8)
  2 ogres
  3 centaurs
  2 wolves (D:8)
  Blork the orc (D:4)
  A kobold brigand (D:6)
  A gnoll sergeant (D:7)
  7 bullfrogs
  2 cane toad simulacra (IceCv)
  A two-headed ogre simulacrum (D:11)
  15 killer bees
  2 elephant simulacra (IceCv)
  A bombardier beetle (D:5)
  A howler monkey (D:5)
  An electric eel (D:10)
  3 jellies
  A quasit (D:5)
  2 hounds
  3 sleepcaps
  An orc priest (D:3)
  A gnoll bouda (D:6)
  2 iguanas (D:5)
  5 orc wizards
  A troll simulacrum (D:11)
  16 gnolls
  10 adders
  A shadow imp (D:6)
  A white imp (D:6)
  A ribbon worm (D:2)
  3 dart slugs
  20 orcs
  9 ball pythons
  7 bats
  4 endoplasms
  4 giant cockroaches
  6 goblins
  6 hobgoblins
  3 jackals (D:4)
  11 kobolds
  5 quokkas
  3 frilled lizards
  3 hobgoblin zombies (D:5)
  A kobold skeleton (D:5)
  A kobold zombie (D:5)
  An orc skeleton (D:5)
  3 orc zombies (D:5)
  6 rats
235 creatures vanquished.

Vanquished Creatures (collateral kills)
  A killer bee (D:9)
1 creature vanquished.

Vanquished Creatures (others)
  46 fulminant prisms
46 creatures vanquished.

Grand Total: 282 creatures vanquished

Notes
Turn   | Place    | Note
-------+----------+-------------------------------------------
     0 | D:1      | FexLirch the Human Wanderer began the quest for the Orb.
     0 | D:1      | FexLirch set off with the following items: a +2 mace, a +0
                  | pair of boots, a scroll of blinking, a +0 robe; and the
                  | following spell memorised: Sting; and the following spells
                  | available to memorise: Mephitic Cloud.
     0 | D:1      | Reached XP level 1. HP: 13/13 MP: 4/4
   233 | D:1      | Reached XP level 2. HP: 20/20 MP: 3/6
   671 | D:1      | Reached XP level 3. HP: 25/25 MP: 7/7
   682 | D:1      | Reached skill level 1 in Fighting
   746 | D:1      | Reached skill level 1 in Conjurations
  1264 | D:2      | Reached XP level 4. HP: 27/32 MP: 4/8
  2002 | D:2      | Reached XP level 5. HP: 27/38 MP: 2/9
  2172 | D:2      | Learned a level 3 spell: Mephitic Cloud
  2305 | D:3      | Noticed Grinder
  2514 | D:3      | Found a faded altar of an unknown god.
  2541 | D:3      | Learned a level 1 spell: Magic Dart
  2544 | D:3      | Learned a level 2 spell: Searing Ray
  2579 | D:3      | Learned a level 2 spell: Blink
  2687 | D:3      | Reached skill level 2 in Conjurations
  2958 | D:3      | Found a hazy altar of Hepliaklqana.
  3163 | D:4      | Identified the +5 mace "Dedumn" {drain, Fly}
  3181 | D:4      | Noticed Blork the orc
  3249 | D:4      | Reached XP level 6. HP: 40/44 MP: 1/10
  3660 | D:4      | Found a staircase to the Ecumenical Temple.
  3669 | Temple   | Entered the Ecumenical Temple
  3685 | Temple   | Became a worshipper of Vehumet
  3758 | D:4      | Killed Blork the orc
  3759 | D:4      | Reached skill level 3 in Conjurations
  4055 | D:5      | Entered Level 5 of the Dungeon
  4124 | D:5      | Reached XP level 7. HP: 51/51 MP: 3/11
  4341 | D:5      | Reached skill level 4 in Conjurations
  4882 | D:5      | Reached * piety under Vehumet
  4882 | D:5      | Offered knowledge of Freeze by Vehumet.
  4902 | D:5      | Found a glowing golden altar of the Shining One.
  5066 | D:6      | Reached XP level 8. HP: 58/58 MP: 8/12
  5274 | D:6      | Noticed Sigmund
  5402 | D:6      | Noticed Eustachio
  5412 | D:6      | Killed Eustachio
  5413 | D:6      | Reached skill level 5 in Conjurations
  5509 | D:6      | Noticed Prince Ribbit
  5950 | D:6      | Killed Prince Ribbit
  5963 | D:6      | Reached skill level 6 in Conjurations
  6141 | D:6      | Found a shadowy altar of Dithmenos.
  6231 | D:7      | Found a broken altar of Ashenzari.
  6265 | D:7      | Found Ereats's Armour Shoppe.
  6377 | D:7      | Reached XP level 9. HP: 67/67 MP: 12/13
  6384 | D:7      | Offered knowledge of Kiss of Death by Vehumet.
  6409 | D:7      | Reached ** piety under Vehumet
  6410 | D:7      | Reached skill level 5 in Alchemy
  6490 | D:7      | Learned a level 4 spell: Fulminant Prism
  6507 | D:7      | Reached skill level 5 in Dodging
  6681 | D:7      | Found a basalt altar of Yredelemnul.
  6686 | D:7      | Found a shimmering blue altar of Sif Muna.
  6690 | D:7      | Found a burning altar of Makhleb.
  6752 | D:7      | Reached skill level 5 in Fighting
  6861 | D:7      | Reached skill level 7 in Conjurations
  7078 | D:8      | Found a staircase to the Lair.
  7078 | D:8      | Noticed a rime drake
  7109 | D:8      | Killed a rime drake
  7246 | D:8      | Identified the +5 spear "Gotruilo" {freeze, Will+ SInv}
  7307 | D:8      | Reached skill level 8 in Conjurations
  7440 | D:8      | Offered knowledge of Mercury Vapours by Vehumet.
  7441 | D:8      | Reached skill level 1 in Air Magic
  7441 | D:8      | Reached XP level 10. HP: 76/76 MP: 9/14
  8838 | D:9      | Reached skill level 9 in Conjurations
  9204 | D:9      | Reached *** piety under Vehumet
  9390 | D:9      | Found an iron altar of Okawaru.
  9622 | D:9      | Noticed a two-headed ogre
  9667 | D:9      | Noticed Maurice
  9687 | D:9      | Killed Maurice
  9688 | D:9      | Reached XP level 11. HP: 83/83 MP: 6/17
  9745 | D:9      | Killed a two-headed ogre
 10050 | D:10     | Entered Level 10 of the Dungeon
 10179 | D:10     | Noticed a centaur warrior
 10192 | D:10     | Learned a level 5 spell: Irradiate
 10283 | D:10     | Noticed a cyclops
 10518 | D:10     | Offered knowledge of Iskenderun's Mystic Blast by Vehumet.
 10525 | D:10     | Reached skill level 10 in Conjurations
 10652 | D:10     | Found a staircase to the Orcish Mines.
 10735 | D:10     | Killed a centaur warrior
 10736 | D:10     | Reached skill level 5 in Spellcasting
 10855 | D:10     | Found a glowing silver altar of Zin.
 10974 | D:11     | Gained mutation: Your spells are a little harder to cast,
                  | but a little more powerful. [potion of mutation]
 10974 | D:11     | Gained mutation: Your magical capacity is low. (-10% MP)
                  | [potion of mutation]
 10975 | D:11     | Lost mutation: Your spells are a little harder to cast, but
                  | a little more powerful. [potion of mutation]
 10975 | D:11     | Lost mutation: Your magical capacity is low. (-10% MP)
                  | [potion of mutation]
 10975 | D:11     | Gained mutation: You have supernaturally acute eyesight.
                  | (SInv) [potion of mutation]
 10975 | D:11     | Gained mutation: You have hidden genetic potential. [potion
                  | of mutation]
 10980 | D:11     | Noticed a cyclops
 10986 | D:11     | Noticed a cyclops
 10996 | D:11     | Killed a cyclops
 11004 | D:10     | Learned a level 4 spell: Iskenderun's Mystic Blast
 11025 | D:11     | Found a frozen archway.
 11040 | D:11     | Noticed a two-headed ogre
 11049 | D:11     | Killed a two-headed ogre
 11100 | IceCv    | Entered an ice cave
 11209 | IceCv    | Noticed a white ugly thing
 11220 | IceCv    | Killed a white ugly thing
 11220 | IceCv    | Reached **** piety under Vehumet
 11504 | IceCv    | Noticed a white ugly thing
 11531 | IceCv    | Killed a white ugly thing
 11954 | D:11     | Killed from afar by a gargoyle

Illustrated notes

Levels and vault maps discovered:
D:1:      wander_arrival_peaceful_grave, layout_loops_corners
D:2:      layout_basic, feat_on_display
D:3:      layout_basic, mainiacjoe_overflow_alcove_4,
          dreamdust_ecumenical_altar_statues, serial_park_tiny_1, uniq_grinder
D:4:      layout_basic, minmay_temple_entry_overgrown, uniq_blork_the_orc
D:5:      layout_gridville, nicolae_tso_besieged_by_evil
D:6:      layout_loops_ring, grunt_dithmenos_shadows, kennysheep_crisscross,
          uniq_eustachio, uniq_prince_ribbit1, uniq_sigmund
D:7:      layout_rooms, minitemple, ashenzari_altar_1, minmay_misc_feat_plants,
          hangedman_decor_push, nicolae_take_the_stairs
D:8:      layout_layer_cave, hellmonk_lair_entry_icy, bh_walls_and_bars
D:9:      layout_loops_corners, okawaru_gym_becter, minmay_diced_spiral,
          uniq_maurice
D:10:     layout_roguey, zin_statuary, david_orc_3, lightli_minifort
D:11:     layout_layer_cave, portal_ice_cave_entry_ice_simulacra
Temple:   nicolae_temple_god_jail

Skill      XL: |  1  2  3  4  5  6  7  8  9 10 11 |
---------------+----------------------------------+-----
Fighting       | 1 2 3 4 6 7 |  7.7
Conjurations   | 1 2 3 4 6 8 9 10 | 10.6
Stealth        | 2 3 |  3.0
Dodging        | 2 3 4 6 7 |  7.7
Alchemy        | 2 3 4 6 7 |  7.8
Air Magic      | 1 3 4 |  4.0
Spellcasting   | 4 6 |  6.4
Maces & Flails | |  3.0
Evocations     | |  1.0

Action                     |  1- 3 |  4- 6 |  7- 9 | 10-12 || total
---------------------------+-------+-------+-------+-------++-------
  Melee: Mace              |    44 |    58 |    75 |     4 ||   181
         Dagger            |     6 |       |       |       ||     6
         Punch             |       |       |     2 |     1 ||     3
         Spear             |       |       |     2 |    61 ||    63
         Staff             |       |       |       |     1 ||     1
  Throw: Javelin           |       |       |       |     2 ||     2
   Cast: Sting             |    32 |    53 |    30 |    35 ||   150
         Magic Dart        |       |    38 |    93 |    57 ||   188
         Searing Ray       |       |     4 |    25 |    31 ||    60
         Blink             |       |     1 |     1 |     1 ||     3
         Mephitic Cloud    |       |     5 |     3 |    20 ||    28
         Fulminant Prism   |       |       |     8 |    38 ||    46
         Irradiate         |       |       |       |     7 ||     7
  Evoke: Wand              |       |       |       |     2 ||     2
    Use: Scroll            |       |       |     6 |     4 ||    10
         Potion            |       |       |       |     6 ||     6
   Stab: Sleeping          |     4 |     5 |     1 |     2 ||    12
         Confused          |       |     1 |     1 |     4 ||     6
 Armour: Robe              |    30 |    35 |   104 |    88 ||   257
  Dodge: Dodged            |    42 |    44 |   108 |    76 ||   270
